 Seeded DCSS version 0.31.0-12-g77e489cdc1 (webtiles) character file.

Game seed: 9399991975191522839 (custom seed)

319 CInkIbrahim the Spear-Bearer (level 6, 0/47 HPs)
             Began as a Merfolk Fighter on Feb 27, 2024.
             Succumbed to a scorpion's poison
             ... on level 4 of the Dungeon.
             The game lasted 00:02:59 (2274 turns).

CInkIbrahim the Spear-Bearer (Merfolk Fighter)      Turns: 2274, Time: 00:03:00

Health: 0/47       AC:  8    Str: 18    XL:     6   Next: 46%
Magic:  6/6        EV:  9    Int:  7    God:
Gold:   188        SH:  5    Dex: 14    Spells: 5/5 levels left

rFire   . . .        a - +0 trident
rCold   . . .        c - +0 buckler
rNeg    . . .        b - +0 scale mail
rPois   .            r - +1 helmet
rElec   .            (no cloak)
rCorr   .            (no gloves)
SInv    .            (no boots)
Will    +....        (no amulet) Stlth
                     (no ring)
HPRegen 0.27/turn    (no ring)
MPRegen 0.10/turn

%: no passive effects
@: lethally poisoned (0 -> -4), enlightened, flying
A: (nimble swimmer 2), mertail
a: no special abilities


You were on level 4 of the Dungeon.
You visited 1 branch of the dungeon, and saw 4 of its levels.

You collected 188 gold pieces.

Inventory:

Hand Weapons
 a - a +0 trident (weapon)
Armour
 b - a +0 scale mail (worn)
 c - a +0 buckler (worn)
 r - a +1 helmet (worn)
Wands
 k - a wand of flame (12)
Scrolls
 e - 5 scrolls of blinking
 g - a scroll of immolation {unknown}
 h - a scroll of poison {unknown}
 i - a scroll of noise {unknown}
 j - a scroll of enchant weapon {unknown}
 m - a scroll of enchant armour
 o - a scroll of identify {unknown}
Potions
 d - a potion of heal wounds {unknown}
 f - a potion of curing {unknown}
 l - a potion of enlightenment
 n - a potion of ambrosia {unknown}
 p - a potion of mutation {unknown}
 q - a potion of haste {unknown}


   Skills:
 - Level 3.2 Fighting
 + Level 8.8 Polearms
 - Level 2.1 Armour
 - Level 3.0 Shields


You had 5 spell levels left.
You didn't know any spells.
Your spell library contained the following spells:

 Spells                   Type           Power      Damage    Failure   Level
 Apportation              Tloc           0%         N/A       88%         1
 Necrotise                Necr           0%         1d4       88%         1
 Sting                    Conj/Alch      0%         1d3       88%         1
 Summon Small Mammal      Summ           0%         N/A       88%         1
 Blink                    Tloc           0%         N/A       96%         2
 Lesser Beckoning         Tloc           0%         N/A       96%         2
 Momentum Strike          Conj/Tloc      0%         3d8       96%         2


Dungeon Overview and Level Annotations

Branches:
Dungeon (4/15)
 Temple: D:4-7

Altars:

Shops:
D:3 (*:[(


Innate Abilities, Weirdness & Mutations

((You are very nimble when in or above water. (Stealth+, EV+, Speed+++)))
Your lower body shifts to a powerful aquatic tail in water.


Message History

The endoplasm attacks as it pursues you!
The endoplasm hits you. The scorpion stings you.
You are poisoned.
The scorpion poisons you!
You hit the scorpion.
The scorpion is lightly wounded.
You feel very sick. The endoplasm freezes you.
You are frozen.
The scorpion barely misses you.
You barely miss the scorpion.
The scorpion is lightly wounded.
You feel sick. The endoplasm closely misses you. The endoplasm freezes you.
You are frozen.
* * * LOW HITPOINT WARNING * * *
The scorpion stings you.
* * * LOW HITPOINT WARNING * * *
You barely miss the scorpion.
The scorpion is lightly wounded.
You feel sick. The endoplasm freezes you.
You are frozen.
* * * LOW HITPOINT WARNING * * *
The endoplasm barely misses you. The scorpion stings you.
* * * LOW HITPOINT WARNING * * *
You hit the scorpion but do no damage.
The scorpion is lightly wounded.
* * * LOW HITPOINT WARNING * * *
You feel sick. The endoplasm freezes you.
You are frozen.
* * * LOW HITPOINT WARNING * * *
The endoplasm barely misses you.
The scorpion stings you but does no damage.
Unknown command.
Blink to where?
Press: ? - help, Dir - move target
As you read the scroll labelled KACA ETICHI, it crumbles to dust.
It was a scroll of blinking.
You die...

#<....## ##.#<##
#.### #.# #<# #.##
. #..####### ..
##.†.....###......
#...@.....#......
#................
#.#..(...........
#..#.............
#..##............
......#...........
...###....sJ.......
.... #####§J.......
... ####......


You could see a scorpion and 2 endoplasms.

Vanquished Creatures
  Sigmund (D:2)
  A phantom (D:4)
  Jessica (D:2)
  An adder (D:2)
  A dart slug (D:3)
  A ribbon worm (D:2)
  6 ball pythons
  3 endoplasms
  3 giant cockroaches
  8 goblins
  A hobgoblin (D:2)
  2 jackals (D:1)
  3 quokkas
  7 bats
  5 kobolds (D:1)
  2 rats (D:3)
46 creatures vanquished.

Notes
Turn   | Place    | Note
-------+----------+-------------------------------------------
     0 | D:1      | CInkIbrahim the Merfolk Fighter began the quest for the
                  | Orb.
     0 | D:1      | Reached XP level 1. HP: 18/18 MP: 1/1
    67 | D:1      | Reached skill level 3 in Polearms
   140 | D:1      | Reached XP level 2. HP: 24/24 MP: 2/2
   206 | D:1      | Reached skill level 4 in Polearms
   624 | D:2      | Reached XP level 3. HP: 28/29 MP: 3/3
   659 | D:2      | Noticed Sigmund
   678 | D:2      | Killed Sigmund
   679 | D:2      | Reached skill level 7 in Polearms
   679 | D:2      | Reached XP level 4. HP: 13/35 MP: 4/4
   679 | D:2      | Reached XP level 5. HP: 16/41 MP: 5/5
   942 | D:2      | Noticed Jessica
   949 | D:2      | Killed Jessica
  1158 | D:2      | Reached skill level 8 in Polearms
  1162 | D:2      | Reached XP level 6. HP: 47/47 MP: 6/6
  1505 | D:3      | Found Diyr's Weapon Shoppe.
  1544 | D:3      | Found Seomub's General Store.
  1708 | D:3      | Found Xerphasm's Weapon Emporium.
  1724 | D:3      | Found Ananegab's Book Shop.
  1739 | D:3      | Identified the +0 leather armour "Baral" {*Corrode rC+++}
  1787 | D:3      | Found Tila Pen's Antique Armour Shop.
  2273 | D:4      | HP: 2/47 [poisoned by a scorpion]
  2274 | D:4      | Succumbed to a scorpion's poison

Illustrated notes

Levels and vault maps discovered:
D:1:      evilmike_arrival_plus, layout_rooms
D:2:      layout_loops_corners, uniq_sigmund, uniq_jessica
D:3:      layout_loops_ring, serial_shops, nicolae_shop_rolling_square,
          nicolae_shop_hallway_plus, shop, shop, shop
D:4:      layout_cave_pods, gup_ossuary_entry_pyramid, chequers_garden,
          uniq_robin, uniq_duvessa

Skill      XL: |  1  2  3  4  5 |
---------------+----------------+-----
Polearms       | 3 4 7 8 |  8.8
Fighting       | |  3.2
Armour         | |  2.1
Shields        | |  3.0

Action                     |  1- 3 |  4- 6 || total
---------------------------+-------+-------++-------
  Melee: Trident           |    76 |    93 ||   169
    Use: Potion            |     1 |     1 ||     2
         Scroll            |       |     2 ||     2
 Armour: Scale mail        |    47 |    46 ||    93
  Dodge: Dodged            |    28 |    39 ||    67
  Block: Buckler           |    21 |    13 ||    34
